 Dungeon Crawl Stone Soup version 0.31.0-9-g3a7656b989 (webtiles) character file.

Game seed: 11680052474201551016

350 qw the Shooter (level 6, 0/30 HPs)
             Began as a Spriggan Hunter on Feb 2, 2024.
             Slain by a sleepcap (4 damage)
             ... on level 4 of the Dungeon.
             The game lasted 00:00:09 (2315 turns).

qw the Shooter (Spriggan Hunter)                    Turns: 2315, Time: 00:00:10

Health: 0/30       AC:  2    Str:  7    XL:     6   Next: 34%
Magic:  7/7        EV: 21    Int: 11    God:
Gold:   9          SH:  0    Dex: 20    Spells: 5/5 levels left

rFire   . . .        a - +1 shortbow
rCold   . . .        (shield currently unavailable)
rNeg    . . .        c - +0 robe
rPois   .            (helmet restricted)
rElec   .            (no cloak)
rCorr   .            (gloves unavailable)
SInv    +            (boots unavailable)
Will    +....        (no amulet)
Stlth   ++           (no ring)
HPRegen 0.25/turn    (no ring)
MPRegen 0.10/turn

%: no passive effects
@: very quick
A: very small, no large weapons, unfitting armour, see invisible, speed 3
a: no special abilities


You were on level 4 of the Dungeon.
You visited 1 branch of the dungeon, and saw 4 of its levels.

You collected 65 gold pieces.
You spent 56 gold pieces at shops.


Innate Abilities, Weirdness & Mutations

You are very small and have problems with some larger weapons.
You are too small for most types of armour.
You have supernaturally acute eyesight. (SInv)
You cover ground extremely quickly. (Speed+++)


   Skills:
 - Level 2.1 Fighting
 + Level 6.2 Ranged Weapons
 - Level 6.0 Dodging
 - Level 1.5 Stealth


You had 5 spell levels left.
You didn't know any spells.
Your spell library was empty.

Inventory:

Hand Weapons
 a - a +1 shortbow (weapon)
Armour
 c - a +0 robe (worn)
Potions
 b - a potion of heal wounds {unknown}
 d - a potion of attraction {unknown}
 f - a potion of curing
 h - a potion of resistance
 l - a potion of mutation {unknown}
 m - a potion of cancellation {unknown}
 n - a potion of degeneration {unknown}

Dungeon Overview and Level Annotations

Branches:
Dungeon (4/15)
 Temple: D:4-7

Altars:
Hepliaklqana
Kikubaaqudgha
Makhleb
Trog
Vehumet
Wu Jian
The Shining One

Shops:
D:3 *

Annotations:
D:3 3 runed translucent doors, qw's ghost, amateur DEHu


Message History

a +1 falchion of protection; a +0 ring mail
There is an escape hatch in the ceiling here.
Found a scale mail and a trident.
Enter note:
Enter note:
Enter note:
Enter note:
Enter note:
Enter note: Could not explore, unopened runed door.
2284 ||| READING scroll labelled JUNYGO HUGO.
As you read the scroll labelled JUNYGO HUGO, it crumbles to dust.
It is a scroll of enchant armour.
2284 ||| ENCHANTING +1 shortbow.
Could not explore, unopened runed door.
What level of the Dungeon? (default 3, ? - help)
There is a stone staircase leading down here.
You climb downwards.
There is a stone staircase leading up here.
Waypoint 3 assigned to D:4.
A sleepcap comes into view.
You shoot an arrow. The arrow hits the sleepcap.
The sleepcap is lightly damaged.
You shoot an arrow. The arrow hits the sleepcap.
The sleepcap is moderately damaged.
You shoot an arrow. The arrow hits the sleepcap.
The sleepcap is heavily damaged.
You shoot an arrow. The arrow hits the sleepcap.
The sleepcap is heavily damaged.
The sleepcap barely misses you.
You shoot an arrow.
The arrow hits the sleepcap but does no damage.
The sleepcap is heavily damaged.
The sleepcap releases spores at you!
You are engulfed in a cloud of soporific spores!
You fall asleep.
The sleepcap releases spores at you!!
You wake up.
Ouch! That really hurt!
You shoot an arrow. The arrow hits the sleepcap!
The sleepcap is almost destroyed.
The sleepcap releases spores at you.
You die...

. #...# .. ...# #. #.#
...# #.. ##.# ...
.##.. ...####.##
......####.......###
.......<.#.#...f...###
....####.#.#..#@?....#
# ####.#.#.....#.#.#
#.................
#.##.#.#...#.#.#.# #
#.#.......#.#
..###........ ####
####.### # .# .#


You could see a sleepcap.

Vanquished Creatures
  A phantom (D:3)
  3 jellies (D:2)
  2 orc priests (D:3)
  3 adders
  3 ribbon worms
  A dart slug (D:2)
  10 orcs (D:3)
  8 ball pythons
  3 bats
  11 endoplasms
  4 goblins
  8 hobgoblins
  4 jackals (D:2)
  3 quokkas
  A frilled lizard (D:2)
  12 kobolds
  3 rats
80 creatures vanquished.

Notes
Turn   | Place    | Note
-------+----------+-------------------------------------------
     0 | D:1      | qw the Spriggan Hunter began the quest for the Orb.
     0 | D:1      | Reached XP level 1. HP: 10/10 MP: 2/2
     0 | D:1      | 0 ||| qw: Version: 0.3-a-155-g5e7d8dd
     0 | D:1      | 0 ||| qw: Game counter: 2168
     0 | D:1      | 0 ||| qw: Melee chars always use a shield: true
     0 | D:1      | 0 ||| qw: God list: Okawaru
     0 | D:1      | 0 ||| qw: Allow faded altars: false
     0 | D:1      | 0 ||| qw: Do Orc after clearing Dungeon:15 true
     0 | D:1      | 0 ||| qw: Do second Lair branch before Depths: true
     0 | D:1      | 0 ||| qw: Lair rune preference: random
     0 | D:1      | 0 ||| qw: Goals: Normal
     0 | D:1      | 0 ||| PLANNING D:1-11
    27 | D:1      | Reached skill level 3 in Dodging
   131 | D:1      | Reached XP level 2. HP: 14/14 MP: 3/3
   718 | D:1      | 718 ||| READING scroll labelled POOTTI QAIHUUG.
   718 | D:1      | 718 ||| IDENTIFYING bubbling ruby potion
   719 | D:1      | 719 ||| DROPPING scroll of butterflies.
   720 | D:1      | 720 ||| DROPPING potion of invisibility.
   759 | D:2      | 759 ||| STAIRDANCE
   771 | D:2      | Reached XP level 3. HP: 7/18 MP: 4/4
   955 | D:2      | Found a faded altar of an unknown god.
  1076 | D:2      | Reached XP level 4. HP: 22/22 MP: 5/5
  1217 | D:2      | Found a radiant altar of Vehumet.
  1217 | D:2      | Found a burning altar of Makhleb.
  1217 | D:2      | Found a hazy altar of Hepliaklqana.
  1217 | D:2      | Found a bloodstained altar of Trog.
  1217 | D:2      | Found an ancient bone altar of Kikubaaqudgha.
  1217 | D:2      | Found an ornate altar of the Wu Jian Council.
  1218 | D:2      | 1218 ||| RETREEEEATING.
  1229 | D:2      | Reached XP level 5. HP: 26/26 MP: 6/6
  1248 | D:2      | 1248 ||| FLEEEEING.
  1387 | D:2      | 1387 ||| READING 3 scrolls of identify.
  1387 | D:2      | 1387 ||| IDENTIFYING brown potion
  1388 | D:2      | 1388 ||| READING 2 scrolls of identify.
  1388 | D:2      | 1388 ||| IDENTIFYING red potion
  1389 | D:2      | 1389 ||| READING scroll of identify.
  1389 | D:2      | 1389 ||| IDENTIFYING blue potion
  1390 | D:2      | 1390 ||| READING scroll labelled CAOFU DILUF.
  1391 | D:2      | 1391 ||| READING scroll labelled SUGI KINOICOM.
  1391 | D:2      | 1391 ||| ENCHANTING +0 shortbow.
  1392 | D:2      | 1392 ||| READING scroll labelled HYSOUNN VIBB.
  1393 | D:2      | 1393 ||| READING 2 scrolls labelled PEJENOI SAGHIMAR.
  1394 | D:2      | 1394 ||| READING scroll labelled JAAG QEAGUNIS.
  1395 | D:2      | 1395 ||| READING scroll labelled YPIX ZUBRIYDWUINIR.
  1445 | D:2      | 1445 ||| DROPPING potion of ambrosia.
  1446 | D:2      | 1446 ||| DROPPING scroll of fear.
  1463 | D:3      | 1463 ||| STAIRDANCE
  1522 | D:3      | Noticed a phantom
  1537 | D:3      | Killed a phantom
  1538 | D:3      | Reached skill level 6 in Ranged Weapons
  1538 | D:3      | Reached XP level 6. HP: 12/30 MP: 7/7
  1694 | D:3      | HP: 5/30 [orc priest/+0 dagger (4)]
  1698 | D:3      | Reached skill level 6 in Dodging
  1861 | D:3      | Noticed qw's ghost (amateur DEHu)
  1891 | D:3      | Found a glowing golden altar of the Shining One.
  1990 | D:3      | Found a runed translucent gate.
  1991 | D:3      | Found a runed translucent gate.
  1991 | D:3      | Found a runed translucent gate.
  2064 | D:3      | Found Gutahace's Assorted Antiques.
  2069 | D:3      | 2069 ||| BUYING amethyst potion (18 gold).
  2069 | D:3      | Bought an amethyst potion for 18 gold pieces
  2069 | D:3      | 2069 ||| SHOPLISTING glowing robe (74 gold, have 47).
  2069 | D:3      | 2069 ||| BUYING glowing ruby potion (18 gold).
  2069 | D:3      | Bought a glowing ruby potion for 18 gold pieces
  2069 | D:3      | 2069 ||| BUYING scroll labelled JUNYGO HUGO (20 gold).
  2069 | D:3      | Bought a scroll labelled JUNYGO HUGO for 20 gold pieces
  2069 | D:3      | 2069 ||| SHOPLISTING scroll of identify (40 gold, have 9).
  2284 | D:3      | 2284 ||| READING scroll labelled JUNYGO HUGO.
  2284 | D:3      | 2284 ||| ENCHANTING +1 shortbow.
  2314 | D:4      | HP: 3/30 [sleepcap (19)]
  2315 | D:4      | Slain by a sleepcap

Levels and vault maps discovered:
D:1:      eino_arrival_cavern_b, layout_loops_ring
D:2:      cheibrodos_fertilizer, layout_rooms, ebering_ecumenical_altar_box,
          kennysheep_doodads
D:3:      layout_loops_ring, overflow_temple_1_default, gammafunk_ghost_icy,
          serial_shops, shop
D:4:      layout_loops_cross, nicolae_ru_awakened_eye,
          minmay_temple_entry_gardened_gates, uniq_eustachio, uniq_sigmund

Skill      XL: |  1  2  3  4  5  6 |
---------------+-------------------+-----
Dodging        | 3 4 5 6 |  6.0
Ranged Weapons | 5 6 |  6.2
Fighting       | 2 |  2.1
Stealth        | |  1.5

Action                     |  1- 3 |  4- 6 || total
---------------------------+-------+-------++-------
   Fire: Shortbow          |   111 |   135 ||   246
    Use: Scroll            |     1 |    10 ||    11
 Armour: Robe              |    13 |    18 ||    31
  Dodge: Dodged            |    25 |    55 ||    80

Table legend:
 A = Non-vault XP
 B = Vault XP
 C = Vault XP percentage of total XP
 D = Non-vault monster count
 E = Vault monster count
 F = Vault count percentage of total count
                 A         B        C        D         E       F
            +---------+---------+-------+---------+---------+-------
      Total |     349 |     152 |  30.3 |      63 |      17 |  21.2
            +---------+---------+-------+---------+---------+-------
        D:1 |      35 |       0 |   0.0 |      20 |       0 |   0.0
        D:2 |      72 |     152 |  67.9 |      24 |      17 |  41.5
        D:3 |     242 |       0 |   0.0 |      19 |       0 |   0.0
            +---------+---------+-------+---------+---------+-------
